 Dungeon Crawl Stone Soup version 0.28.0-53-g5a82cb258f (webtiles) character file.

Game seed: 2767630700723493063

124 Sin92 the Skirmisher (level 4, 0/36 HPs)
             Began as a Demonspawn Fighter on Aug 5, 2022.
             Slain by Crazy Yiuf
             ... wielding a +2 quarterstaff of chaos
              (18 damage)
             ... on level 3 of the Dungeon.
             The game lasted 00:03:38 (4610 turns).

Sin92 the Skirmisher (Demonspawn Fighter)           Turns: 4610, Time: 00:03:40

Health: 0/36       AC:  6    Str: 18    XL:     4   Next: 81%
Magic:  4/4        EV:  9    Int: 10    God:
Gold:   116        SH:  4    Dex: 12    Spells: 3/3 levels left

rFire   . . .      SeeInvis .   a - +0 flail
rCold   . . .      Faith    .   c - +0 buckler
rNeg    . . .      Spirit   .   b - +0 scale mail
rPois   .          Reflect  .   (no helmet)
rElec   .          Harm     .   (no cloak)
rCorr   .          Rampage  .   (no gloves)
Will    .....                   (no boots)
Stlth   ..........              (no amulet)
HPRegen 0.12/turn               (no ring)
MPRegen 0.09/turn               (no ring)

@: no status effects
A: hooves 1, powered by pain 1
a: no special abilities


You were on level 3 of the Dungeon.
You visited 1 branch of the dungeon, and saw 3 of its levels.

You collected 116 gold pieces.

Inventory:

Hand Weapons
 a - a +0 flail (weapon)
Armour
 b - a +0 scale mail (worn)
 c - a +0 buckler (worn)
Jewellery
 e - a ring of see invisible
 h - a +4 ring of protection
Wands
 g - a wand of digging (3)
Scrolls
 i - a scroll of enchant weapon {unknown}
 j - a scroll of blinking {unknown}
 l - a scroll of vulnerability
Potions
 d - 4 potions of might
 f - a potion of haste
 k - a potion of berserk rage {unknown}


   Skills:
 + Level 3.6 Fighting
 * Level 3.2 Maces & Flails
 + Level 3.3 Armour
 + Level 3.2 Shields


You had 3 spell levels left.
You didn't know any spells.
Your spell library contained the following spells:

 Spells                   Type           Power      Damage    Failure   Level
 Foxfire                  Conj/Fire      0%         2x1d4     83%         1
 Ensorcelled Hibernation  Hex/Ice        0%         N/A       93%         2
 Passwall                 Tmut/Erth      0%         N/A       93%         2
 Conjure Flame            Conj/Fire      0%         6-21      99%         3
 Inner Flame              Hex/Fire       0%         N/A       99%         3
 Spider Form              Tmut/Pois      0%         N/A       99%         3
 Swiftness                Air            0%         N/A       99%         3
 Anguish                  Hex/Necr       0%         N/A       100%        4
 Flame Wave               Conj/Fire      0%         2d4       100%        4


Dungeon Overview and Level Annotations

Branches:
Dungeon (3/15)

Altars:

Shops:
D:2 =

Annotations:
D:3 Crazy Yiuf


Innate Abilities, Weirdness & Mutations

You have large cloven feet.
You sometimes gain a little power by taking damage.


Message History

No target in view!
You now have 116 gold pieces (gained 10).
Key pressed, stopping explore.
Key pressed, stopping explore.
No target in view!
You see here 21 arrows.
You see here a +1 dagger of venom.
Key pressed, stopping explore.
No target in view!
There is an open door here.
Crazy Yiuf shouts!
No reachable target in view!
There is an open door here.
Things that are here:
a +0 mace; a +0 chain mail No target in view!
There is an open door here.
Crazy Yiuf screams, "Race King light!"
Could not explore, unopened runed door.
No reachable target in view!
Could not explore, unopened runed door.
No reachable target in view!
Could not explore, unopened runed door.
No reachable target in view!
You open the door. You barely miss Crazy Yiuf.
You kick Crazy Yiuf, but do no damage.
Crazy Yiuf says, "Two return to song water!"
Crazy Yiuf drinks a potion.
Crazy Yiuf seems to grow stronger.
Crazy Yiuf hits you with a +2 quarterstaff of chaos.
Crazy Yiuf freezes you.
You hit Crazy Yiuf.
Crazy Yiuf is moderately wounded.
Crazy Yiuf closely misses you.
You barely miss Crazy Yiuf. Your kick misses Crazy Yiuf.
Crazy Yiuf is moderately wounded.
Crazy Yiuf laughs, "Lay!
Orb snockshim blue."
Crazy Yiuf hits you with a +2 quarterstaff of chaos!
You are electrocuted!!
Ouch! That really hurt!
You die...

####. #.##. ####.##.
#....##. #.##.##. #.......
####♣♣ ### #....... ##.#..♣♣
♣♣#..)# #....##.
#......♣♣♣♣@g...# ##...##.
#.......♣..♣#...# #..>###
#.##...♣.♣♣♣ ### #...#
#.###♣♣♣♣♣ #...# #.# #####
#.# ############
#.######..........##########
#...............####........
########....#############...


You could see Crazy Yiuf (strong).

Vanquished Creatures
  An iguana (D:3)
  Terence (D:3)
  2 adders (D:3)
  A worm (D:2)
  2 ball pythons
  6 endoplasms
  4 giant cockroaches
  5 goblins
  5 hobgoblins
  4 jackals (D:3)
  A quokka (D:2)
  4 bats
  6 frilled lizards
  6 kobolds
  3 rats
  A spectral kobold (D:2)
52 creatures vanquished.

Notes
Turn   | Place    | Note
-------+----------+-------------------------------------------
     0 | D:1      | Sin92 the Demonspawn Fighter began the quest for the Orb.
     0 | D:1      | Reached XP level 1. HP: 18/18 MP: 1/1
   277 | D:1      | Gained mutation: You sometimes gain a little power by
                  | taking damage. [demonic ancestry]
   277 | D:1      | Reached XP level 2. HP: 24/24 MP: 2/2
  1119 | D:2      | Found a faded altar of an unknown god.
  1200 | D:2      | Found Liunnusa's Jewellery Shoppe.
  1417 | D:2      | Gained mutation: You have large cloven feet. [demonic
                  | ancestry]
  1417 | D:2      | Reached XP level 3. HP: 29/29 MP: 3/3
  2350 | D:3      | HP: 1/29 [poisoned by an adder]
  2820 | D:3      | Reached XP level 4. HP: 9/35 MP: 4/4
  3062 | D:3      | Noticed a sky beast
  3575 | D:3      | Noticed Terence
  3593 | D:3      | Killed Terence
  3712 | D:3      | Found a runed translucent door.
  3713 | D:3      | Noticed Crazy Yiuf
  4610 | D:3      | Slain by Crazy Yiuf

Illustrated notes

Levels and vault maps discovered:
D:1:      eino_arrival_druids_welcome, layout_basic, grunt_decor_resistance
D:2:      minmay_skewed_foursquare, layout_basic,
          dreamdust_ecumenical_altar_drowned_temple, serial_shops, shop
D:3:      layout_basic, serial_corexii_hall, corexii_hall_statues_i,
          corexii_hall_statues_t, corexii_hall_statues_deadend,
          corexii_hall_statues_l, corexii_hall_statues_i,
          chequers_hall_statues_corner_a, uniq_terence, uniq_crazy_yiuf_cottage

Skill      XL: |  1  2  3 |
---------------+----------+-----
Maces & Flails | 2 3 |  3.2
Armour         | 3 |  3.3
Shields        | 3 |  3.2
Fighting       | |  3.6

Action                   |  1- 3 |  4- 6 || total
-------------------------+-------+-------++-------
Melee: Flail             |   129 |    39 ||   168
       Kick              |    10 |     7 ||    17
  Use: Potion            |     3 |       ||     3
       Scroll            |       |     2 ||     2
Armor: Scale mail        |    62 |    16 ||    78
       Skin              |     1 |       ||     1
Dodge: Dodged            |    67 |    14 ||    81
Block: Buckler           |    22 |     6 ||    28
